 Dungeon Crawl Stone Soup version 0.28-a0-957-g42eb19b844 (webtiles) character file.

Game seed: 2702794388950647112

2062 ryw the Cutter (level 9, -2/71 HPs)
             Began as a Human Brigand on Nov 30, 2021.
             Was a Follower of Dithmenos.
             Slain by a sky beast (5 damage)
             ... on level 6 of the Dungeon.
             The game lasted 00:14:22 (8643 turns).

ryw the Cutter (Human Brigand)                      Turns: 8643, Time: 00:14:23

Health: -2/71      AC: 10    Str: 11    XL:     9   Next: 50%
Magic:  0/9        EV: 14    Int: 14    God:    Dithmenos [*.....]
Gold:   194        SH:  0    Dex: 17    Spells: 7/9 levels left

rFire   + . .      SeeInvis .   l - +2 dagger (elec)
rCold   + . .      Faith    .   (no shield)
rNeg    . . .      Spirit   +   p - +2 leather armour {rC+}
rPois   .          Reflect  .   (no helmet)
rElec   .          Harm     .   j - +0 cloak
rCorr   .          Rampage  .   (no gloves)
Will    .....                   (no boots)
Stlth   ++++......              c - amulet of guardian spirit
HPRegen 0.21/turn               g - +4 ring of protection
MPRegen 0.11/turn               q - ring of protection from fire

@: mighty, flying, wreathed by umbra, studying Fighting
A: no striking features
a: Renounce Religion


You were on level 6 of the Dungeon.
You worshipped Dithmenos.
Dithmenos was aware of your devotion.
You visited 2 branches of the dungeon, and saw 8 of its levels.

You collected 194 gold pieces.

Inventory:

Hand Weapons
 a - a +2 dagger
 l - a +2 dagger of electrocution (weapon)
Missiles
 d - 8 poisoned darts (quivered)
 e - 2 curare-tipped darts
Armour
 j - a +0 cloak (worn)
 p - a +2 leather armour of cold resistance (worn)
Jewellery
 c - an amulet of guardian spirit (around neck)
 g - a +4 ring of protection (left hand)
 q - a ring of protection from fire (right hand)
 A - a +6 ring of intelligence
Wands
 y - a wand of paralysis (5)
Scrolls
 b - a scroll of silence {unknown}
 f - 6 scrolls of teleportation
 i - 2 scrolls of magic mapping {unknown}
 m - 5 scrolls of identify
 o - a scroll of brand weapon {unknown}
 r - a scroll of vulnerability {unknown}
 w - a scroll of fog {unknown}
Potions
 h - a potion of flight
 k - 2 potions of mutation
 n - a potion of might
 s - 2 potions of brilliance {unknown}
 t - 2 potions of lignification {unknown}
 u - 2 potions of curing {unknown}
 v - a potion of degeneration {unknown}
 x - a potion of haste {unknown}
 z - a potion of cancellation {unknown}


   Skills:
 + Level 6.9 Fighting
 * Level 7.1 Short Blades
 + Level 5.0 Throwing
 + Level 0.7 Armour
 + Level 4.8 Dodging
 + Level 6.5 Stealth
 + Level 0.6 Spellcasting
 + Level 0.6 Hexes


You had 7 spell levels left.
You knew the following spells:

 Your Spells              Type           Power      Damage    Failure   Level
a - Ensorcelled Hibernat  Hex/Ice        2%         N/A       43%         2

Your spell library contained the following spells:

 Spells                   Type           Power      Damage    Failure   Level
 Tukima's Dance           Hex            2%         N/A       63%         3
 Gell's Gravitas          Tloc           0%         N/A       73%         3
 Ignite Poison            Fire/Tmut/Pois 0%         N/A       73%         3
 Lesser Beckoning         Tloc           0%         N/A       73%         3
 Mephitic Cloud           Conj/Pois/Air  0%         N/A       73%         3
 Teleport Other           Tloc           0%         N/A       73%         3
 Freezing Cloud           Conj/Ice/Air   0%         6-21      100%        5


Dungeon Overview and Level Annotations

Branches:
Dungeon (7/15)             Temple (1/1) D:5

Altars:
Ashenzari
Cheibriados
Dithmenos
Elyvilon
Gozag
Kikubaaqudgha
Makhleb
Qazlal
Sif Muna
Wu Jian
Yredelemnul

Shops:
D:3 ?

Annotations:
D:6 3 runed translucent doors, derath95's ghost, novice GrEE


Message History

Reactivating autopickup.
The sky beast flickers out of sight!
Deactivating autopickup; reactivate with Ctrl-A.
You hit something but do no damage. Something hits you but does no damage.
You hit something. You miss something. Something hits you.
Something shocks you.
You hit something but do no damage. Something hits you but does no damage.
You miss something. You barely miss something.
Something hits you but does no damage.
You hit something. Something hits you. Something shocks you.
You hit something. You hit something but do no damage.
Something barely misses you.
You barely miss something. You hit something but do no damage.
Something hits you. Something shocks you.
You miss something. Something hits you but does no damage.
You barely miss something. You hit something but do no damage.
Something hits you.
* * * LOW HITPOINT WARNING * * *
Something shocks you.
* * * LOW HITPOINT WARNING * * *
You miss something. You hit something. Something hits you but does no damage.
You closely miss something. Something hits you.
* * * LOW HITPOINT WARNING * * *
Something shocks you.
* * * LOW HITPOINT WARNING * * *
You barely miss something.
It was a potion of flight.
You feel very buoyant.
You fly up into the air.
Something hits you.
* * * LOW HITPOINT WARNING * * *
Something shocks you.
* * * LOW HITPOINT WARNING * * *
Unknown command.
It was a potion of might.
You feel very mighty all of a sudden. Something hits you.
* * * LOW HITPOINT WARNING * * *
Something shocks you.
You die...

......#..###.## #....##
......#.## ##.# #.##..###
#######..###.## #........
..........#.## #......(.
..######.#.##############.##+++##
#># #.#.##............##ol..$#
..# #.#.##.############∩$o_.$∩
### #.#.#...#### #8.$8$$8
#.#.....{@.# #.$$$...
#.###..>##.# ##.8∩8.# #.#
##.###.# ####### ## #.# #.# #.#
.#######.# #.# #.# .........# #.#
#.# #### .######### #.###.## #...
..## #.##.#.###### #.## ...##
#.#.###.....# #.#


There were no monsters in sight!

Vanquished Creatures
  A troll (D:6)
  An ice beast (D:6)
  A black bear (D:6)
  An orc warrior (D:6)
  A sky beast (D:5)
  A necrophage (D:6)
  4 ogres
  A centaur (D:5)
  3 scorpions
  5 wights
  A howler monkey (D:3)
  A jelly (D:5)
  2 centaur skeletons
  A bullfrog skeleton (D:4)
  2 hounds
  4 orc priests
  2 iguanas
  3 orc wizards
  A hound zombie (D:5)
  A gnoll (D:7)
  A howler monkey zombie (D:6)
  6 adders
  A shadow imp (D:6)
  2 ufetubi
  A worm (D:2)
  19 orcs
  5 bats
  5 endoplasms
  A giant cockroach (D:4)
  5 goblins
  7 hobgoblins
  3 jackals (D:3)
  3 kobolds (D:1)
  2 quokkas
  3 ball pythons
  7 frilled lizards
  6 rats
  A spectral goblin (D:1)
115 creatures vanquished.

Vanquished Creatures (others)
  7 plants (D:4)
7 creatures vanquished.

Grand Total: 122 creatures vanquished

Notes
Turn   | Place    | Note
-------+----------+-------------------------------------------
     0 | D:1      | ryw the Human Brigand began the quest for the Orb.
     0 | D:1      | Reached XP level 1. HP: 16/16 MP: 1/1
   228 | D:1      | Found a faded altar of an unknown god.
   236 | D:1      | Reached XP level 2. HP: 22/22 MP: 2/2
  1133 | D:2      | Reached XP level 3. HP: 7/27 MP: 3/3
  2374 | D:2      | Reached XP level 4. HP: 34/34 MP: 4/4
  2460 | D:2      | Identified 2 scrolls of acquirement
  2460 | D:2      | Acquired a scarf of invisibility
  2461 | D:2      | Acquired a manual of Fighting
  2807 | D:3      | Reached skill level 3 in Short Blades
  2821 | D:3      | Found an ancient bone altar of Kikubaaqudgha.
  2846 | D:3      | Reached XP level 5. HP: 28/40 MP: 5/5
  3851 | D:3      | Found Mumic's Magic Scroll Shop.
  4337 | D:3      | Reached XP level 6. HP: 46/47 MP: 6/6
  4611 | D:4      | Reached skill level 4 in Short Blades
  5582 | D:5      | Entered Level 5 of the Dungeon
  5582 | D:5      | Noticed a sky beast
  5587 | D:5      | Killed a sky beast
  5588 | D:5      | Reached skill level 5 in Stealth
  5588 | D:5      | Reached XP level 7. HP: 54/54 MP: 7/7
  5903 | D:5      | Reached skill level 5 in Short Blades
  5920 | D:5      | Reached XP level 8. HP: 30/61 MP: 4/8
  5963 | D:4      | Reached skill level 5 in Fighting
  6528 | D:5      | Found a staircase to the Ecumenical Temple.
  6537 | Temple   | Entered the Ecumenical Temple
  6596 | Temple   | Became a worshipper of Dithmenos the Shadowed
  6849 | D:6      | Noticed a troll
  6853 | D:6      | Killed a troll
  6854 | D:6      | Reached skill level 6 in Short Blades
  7151 | D:6      | Reached XP level 9. HP: 65/67 MP: 9/9
  7446 | D:6      | Found a broken altar of Ashenzari.
  7664 | D:6      | Found a stormy altar of Qazlal.
  8200 | D:6      | Learned a level 2 spell: Ensorcelled Hibernation
  8262 | D:6      | Found a runed translucent gate.
  8262 | D:6      | Found an opulent altar of Gozag.
  8263 | D:6      | Found a runed translucent gate.
  8263 | D:6      | Found a runed translucent gate.
  8263 | D:6      | Noticed derath95's ghost (novice GrEE)
  8263 | D:6      | Noticed a komodo dragon
  8303 | D:6      | Reached skill level 7 in Short Blades
  8587 | D:7      | Reached skill level 5 in Throwing
  8594 | D:7      | Reached * piety under Dithmenos
  8643 | D:6      | HP: 3/71 [something (3)]
  8643 | D:6      | Slain by a sky beast

Illustrated notes

Levels and vault maps discovered:
D:1:      doesnt_arrival_eight_statues, layout_basic,
          dreamdust_ecumenical_altar_drowned_temple
D:2:      minmay_diamond_boxcup, layout_basic
D:3:      layout_basic, nicolae_kikubaaqudgha_miasma_corner, serial_shops,
          nicolae_shop_hallway_plus, nicolae_figureground_sparkle
D:4:      layout_layer_cave, serial_bayou, serial_bayou_lagoon_b,
          serial_bayou_shore_a, serial_bayou_pond_d, serial_bayou_ford_a,
          serial_bayou_pond_b, serial_bayou_pond_e
D:5:      layout_loops_ring, lemuel_temple_firewalk_b
D:6:      layout_loops_ring, grunt_qazlal_clouds, lemuel_tele_altar,
          ebering_ghost_gozag
D:7:      layout_loops_ring, nicolae_overflow_crystal_walls
Temple:   minmay_crystal_spiral_temple

Skill      XL: |  1  2  3  4  5  6  7  8  9 |
---------------+----------------------------+-----
Short Blades   | 3 4 5 6 7 |  7.1
Dodging        | 2 3 4 |  4.8
Fighting       | 3 4 6 |  6.9
Throwing       | 3 4 5 |  5.0
Stealth        | 5 6 |  6.5
Armour         | |  0.7
Spellcasting   | |  0.6
Hexes          | |  0.6

Action                   |  1- 3 |  4- 6 |  7- 9 || total
-------------------------+-------+-------+-------++-------
Melee: Dagger            |   110 |   148 |   258 ||   516
Throw: Dart              |     3 |     5 |     4 ||    12
  Use: Scroll            |       |     6 |       ||     6
       Potion            |       |       |     2 ||     2
 Stab: Sleeping          |     7 |     8 |     3 ||    18
       Distracted        |       |       |     1 ||     1
Armor: Robe              |    32 |    38 |       ||    70
       Leather armour    |       |    17 |    84 ||   101
Dodge: Dodged            |    60 |    84 |   139 ||   283

Table legend: (Time is in decaauts)
 A = Elapsed time spent in this place.
 B = Non-inter-level travel time spent in this place.
 C = Inter-level travel time spent in this place.
 D = Time resting spent in this place.
 E = Time spent auto-exploring this place.
 F = Levels seen in this place.
 G = Mean time per level.
                   A        B        C        D        E       F      G
               +--------+--------+--------+--------+--------+-----+--------+
         Total |   8574 |   8236 |    338 |   1394 |   5563 |   8 | 1071.8 |
       Dungeon |   8477 |   8176 |    301 |   1394 |   5526 |   7 | 1211.0 |
        Temple |     97 |     60 |     37 |      0 |     37 |   1 |   97.0 |
               +--------+--------+--------+--------+--------+-----+--------+

Top non-repeatable levels by time:
     D:2: 2258 daAuts
     D:4: 1509 daAuts
     D:6: 1336 daAuts
     D:5: 1251 daAuts
     D:3: 1079 daAuts
     D:1: 992 daAuts
  Temple: 97 daAuts
     D:7: 49 daAuts
